 Dungeon Crawl Stone Soup version 0.28-b1-1-g3c77fb2ed1 (webtiles) character file.

Game seed: 5636645146308326015

1801 growler the Zephyrmancer (level 9, -1/45 HPs)
             Began as a Tengu Air Elementalist on Jan 30, 2022.
             Succumbed to a kobold brigand's curare-tipped dart
             ... in a sewer.
             The game lasted 00:19:02 (8532 turns).

growler the Zephyrmancer (Tengu Air Elementalist)   Turns: 8532, Time: 00:19:02

Health: -1/45      AC:  3    Str:  8    XL:     9   Next: 9%
Magic:  12/17      EV: 15    Int: 19    God:
Gold:   142        SH:  0    Dex: 16    Spells: 8/18 levels left

rFire   . . .      SeeInvis .   c - +0 short sword (drain)
rCold   . . .      Faith    .   (no shield)
rNeg    . . .      Spirit   .   a - +0 robe
rPois   .          Reflect  .   (helmet restricted)
rElec   .          Harm     .   w - +0 cloak
rCorr   .          Rampage  .   (no gloves)
Will    .....                   (boots unavailable)
Stlth   ++........              (no amulet)
HPRegen 0.15/turn               (no ring)
MPRegen 0.15/turn               (no ring)

@: lethally poisoned (-1 -> -37), flying quickly and evasively, slowed, very
slow
A: beak, talons 3, nimble flight
a: no special abilities


You were in a sewer.
You visited 1 branch of the dungeon, and saw 6 of its levels.
You also visited: Sewer.

You collected 142 gold pieces.

Inventory:

Hand Weapons
 c - a +0 short sword of draining (weapon)
   (You took it off a kobold on level 1 of the Dungeon)
 o - a +2 broad axe of draining
   (You found it on level 3 of the Dungeon)
Armour
 a - a +0 robe (worn)
 w - a +0 cloak (worn)
   (You found it on level 1 of the Dungeon)
Magical Staves
 e - a staff of conjuration {!a}
   (You found it on level 6 of the Dungeon)
Jewellery
 d - a ring of ice
   (You found it on level 1 of the Dungeon)
 s - an amulet of the acrobat
   (You found it on level 4 of the Dungeon)
Wands
 m - a wand of polymorph (13)
   (You took it off Ijyb on level 3 of the Dungeon)
Scrolls
 b - 2 scrolls of blinking {unknown}
 h - a scroll of enchant armour {unknown}
 k - a scroll of noise {unknown}
 l - a scroll of fog {unknown}
 q - a scroll of silence {unknown}
 r - 2 scrolls of identify {unknown}
 t - a scroll of immolation {unknown}
 u - a scroll of amnesia {unknown}
Potions
 f - a potion of flight {unknown}
 g - a potion of invisibility {unknown}
 i - a potion of brilliance {unknown}
 j - 3 potions of heal wounds {unknown}
 n - a potion of curing {unknown}
 p - 2 potions of might {unknown}
 v - a potion of haste {unknown}


   Skills:
 - Level 2.1 Dodging
 - Level 2.0 Stealth
 - Level 5.0 Spellcasting
 - Level 9.0 Conjurations
 + Level 10.8 Air Magic


You had 8 spell levels left.
You knew the following spells:

 Your Spells              Type           Power      Damage    Failure   Level
a - Shock                 Conj/Air       100%       1d9       1%          1
b - Airstrike             Air            22%        N/A       1%          4
d - Static Discharge      Conj/Air       42%        N/A       1%          2
s - Swiftness             Air            45%        N/A       1%          3

Your spell library contained the following spells:

 Spells                   Type           Power      Damage    Failure   Level
 Lightning Bolt           Conj/Air       21%        1d36      6%          5
 Maxwell's Capacitive Co  Air            22%        ∞         100%        8


Dungeon Overview and Level Annotations

Branches:
Dungeon (6/15)              Sewer (1/1)
 Temple: D:4-7

Altars:
Cheibriados
Kikubaaqudgha
Makhleb
Nemelex Xobeh
Okawaru
Ru
Trog
Yredelemnul


Innate Abilities, Weirdness & Mutations

You have a beak for a mouth.
You have claws for feet.
Your magical nature lets you fly swiftly and evasively.


Message History

The ball python is struck by an arc of lightning.
You kill the ball python!
You are struck by an arc of lightning.
A river rat and a kobold come into view.
The kobold shouts!
There are monsters nearby!
The river rat is struck by an arc of lightning!
You kill the river rat!
You are struck by an arc of lightning.
The kobold is struck by an arc of lightning.
You are struck by an arc of lightning.
The kobold is struck by an arc of lightning!
You kill the kobold!
You hear a splash.
You are struck by an arc of lightning.
The lightning grounds out.
Things that are here:
a +0 dagger; a kobold corpse A kobold brigand and a worm come into view.
The kobold brigand is wielding a +0 whip and quivering curare-tipped darts.
The kobold brigand shouts!
Aim: a worm (empty space bonus: 2/8)
The air twists around and strikes the worm!
The kobold brigand throws a curare-tipped dart.
The curare-tipped dart hits you.
You are poisoned.
You have difficulty breathing.
You feel yourself slow down.
You feel very sick.
You feel very sick.
You feel very sick.
The worm is struck by an arc of lightning.
The kobold brigand is struck by an arc of lightning!
The worm is struck by an arc of lightning.
You kill the worm!
The kobold brigand is struck by an arc of lightning.
The lightning grounds out.
You feel very sick.
The kobold brigand throws a curare-tipped dart.
The curare-tipped dart hits you.
You are more poisoned.
You have difficulty breathing.
* * * LOW HITPOINT WARNING * * *
You feel as though you will be slow longer.
The kobold brigand throws a curare-tipped dart.
The curare-tipped dart hits you.
You are more poisoned.
You have difficulty breathing.
* * * LOW HITPOINT WARNING * * *
You feel as though you will be slow longer.
You die...

≈≈.≈##≈≈≈≈####≈.≈≈≈#####
.≈≈≈≈≈≈..## #####≈)≈≈.#
......≈≈## #######
....≈.≈.# .≈...≈≈≈#
....≈≈≈≈# ≈≈≈.≈≈≈.##
####### .≈.≈≈≈...##
#####≈K≈≈.#
.≈.≈##.≈.≈####≈≈@.≈#
.≈≈####≈≈...≈≈≈###≈≈≈≈.#
..≈# #≈≈≈≈≈≈.≈# #######
≈≈ ##≈≈...≈≈#
#######≈≈≈≈ #####


You could see a kobold brigand.

Vanquished Creatures
  Prince Ribbit (D:6)
  Edmund (D:4)
  An orc warrior (D:5)
  A black bear (D:5)
  3 ogres
  2 phantoms
  A kobold brigand (Sewer)
  A water moccasin skeleton (D:3)
  5 wights (D:4)
  2 bullfrog skeletons (D:5)
  2 jellies
  3 iguanas
  Ijyb (D:3)
  2 orc wizards
  2 scorpion zombies (D:2)
  A killer bee zombie (D:6)
  2 hound skeletons
  3 gnolls (D:3)
  7 adders
  A river rat (Sewer)
  An ufetubus (D:5)
  3 adder skeletons (D:2)
  3 worms
  3 dart slugs
  8 orcs
  9 ball pythons
  6 bats
  2 bat zombies (D:2)
  9 endoplasms
  2 giant cockroaches
  3 goblins
  10 hobgoblins
  3 jackals (D:3)
  A quokka (D:1)
  2 ball python skeletons (D:2)
  2 ball python zombies (D:2)
  3 frilled lizards
  A jackal skeleton (D:2)
  7 kobolds
  6 rats
126 creatures vanquished.

Vanquished Creatures (others)
  2 plants (D:3)
  4 withered plants (D:2)
6 creatures vanquished.

Grand Total: 132 creatures vanquished

Notes
Turn   | Place    | Note
-------+----------+-------------------------------------------
     0 | D:1      | growler the Tengu Air Elementalist began the quest for the
                  | Orb.
     0 | D:1      | Reached XP level 1. HP: 10/10 MP: 4/4
   147 | D:1      | Reached XP level 2. HP: 15/15 MP: 3/6
   150 | D:1      | Learned a level 2 spell: Static Discharge
  1120 | D:2      | Reached XP level 3. HP: 18/19 MP: 0/7
  1124 | D:2      | Learned a level 3 spell: Swiftness
  1444 | D:2      | Reached XP level 4. HP: 24/24 MP: 2/9
  1452 | D:2      | Reached skill level 5 in Air Magic
  2107 | D:2      | Gained mutation: Your magical nature lets you fly swiftly
                  | and evasively. [Tengu growth]
  2107 | D:2      | Reached XP level 5. HP: 3/28 MP: 1/10
  2732 | D:2      | Learned a level 4 spell: Airstrike
  3503 | D:3      | Reached XP level 6. HP: 31/32 MP: 8/12
  3542 | D:3      | Noticed Ijyb
  3705 | D:3      | Killed Ijyb
  3706 | D:3      | Reached skill level 6 in Air Magic
  3877 | D:3      | Found a faded altar of an unknown god.
  4407 | D:4      | Reached skill level 5 in Conjurations
  4780 | D:4      | Reached XP level 7. HP: 36/36 MP: 1/14
  4894 | D:4      | Noticed Edmund
  5094 | D:4      | Reached skill level 7 in Air Magic
  5575 | D:4      | Killed Edmund
  6056 | D:4      | Reached skill level 5 in Spellcasting
  6056 | D:4      | Reached XP level 8. HP: 16/41 MP: 7/16
  6349 | D:5      | Entered Level 5 of the Dungeon
  6582 | D:5      | Reached skill level 8 in Air Magic
  7047 | D:5      | Reached skill level 9 in Air Magic
  7601 | D:5      | Found a burning altar of Makhleb.
  7603 | D:5      | Found a basalt altar of Yredelemnul.
  7608 | D:5      | Found a snail-covered altar of Cheibriados.
  7612 | D:5      | Found a sparkling altar of Nemelex Xobeh.
  7615 | D:5      | Found an iron altar of Okawaru.
  7616 | D:5      | Found a sacrificial altar of Ru.
  7622 | D:5      | Found an ancient bone altar of Kikubaaqudgha.
  7623 | D:5      | Found a bloodstained altar of Trog.
  7842 | D:6      | Noticed Prince Ribbit
  7846 | D:6      | Killed Prince Ribbit
  7847 | D:6      | Reached skill level 10 in Air Magic
  7854 | D:6      | Reached XP level 9. HP: 45/45 MP: 1/17
  8057 | D:6      | Found a glowing drain.
  8070 | Sewer    | Entered a sewer
  8532 | Sewer    | Succumbed to a kobold brigand's curare-tipped dart

Illustrated notes

Levels and vault maps discovered:
D:1:      tarquinn_simple_flora_water_b, layout_basic, hangedman_decor_points
D:2:      layout_loops_ring, serial_undead, serial_undead_e, serial_undead_a,
          serial_undead_d, serial_undead_d, serial_undead_a, serial_undead_b,
          serial_undead_e, serial_undead_f, serial_undead_e, serial_undead_a,
          minmay_misc_feat_roman
D:3:      layout_basic, shapermc_ecumenical_altar_mp_ritualfount, uniq_ijyb
D:4:      layout_loops_ring, corexii_checkpoint_b, grunt_decor_fettered,
          grunt_decor_cap, uniq_edmund
D:5:      layout_loops_ring, nicolae_overflow_hallway_of_the_gods
D:6:      layout_loops_cross, lemuel_round_altar, cheibrodos_sewer_entry_bend,
          uniq_prince_ribbit1
Sewer:    sewer_co_tree

Skill      XL: |  1  2  3  4  5  6  7  8 |
---------------+-------------------------+-----
Conjurations   | 2 3 4 5 6 9 |  9.0
Air Magic      | 5 6 7 10 | 10.8
Spellcasting   | 3 4 5 |  5.0
Dodging        | |  2.1
Stealth        | |  2.0

Action                   |  1- 3 |  4- 6 |  7- 9 || total
-------------------------+-------+-------+-------++-------
Melee: Unarmed           |     7 |     2 |       ||     9
       Kick              |     3 |    16 |    13 ||    32
       Peck              |     2 |    11 |    10 ||    23
       Short sword       |     7 |    63 |    51 ||   121
       Punch             |       |     1 |     1 ||     2
 Cast: Shock             |    64 |    35 |    23 ||   122
       Static Discharge  |     1 |    23 |    28 ||    52
       Airstrike         |       |     6 |    40 ||    46
 Stab: Distracted        |       |     1 |       ||     1
       Sleeping          |       |     5 |     1 ||     6
Armor: Robe              |       |    14 |     8 ||    22
Dodge: Dodged            |    15 |    50 |    51 ||   116
